 Dungeon Crawl Stone Soup version 0.30-a0-924-g0ad0bf95bc (webtiles) character file.

Game seed: 13179643169735006467

375 cforsyth the Covered (level 7, -2/55 HPs)
             Began as a Human Fighter on Mar 22, 2023.
             Was an Initiate of Okawaru.
             Slain by an ogre
             ... wielding a +0 giant spiked club
              (17 damage)
             ... on level 5 of the Dungeon on Mar 23, 2023.
             The game lasted 00:04:10 (3316 turns).

cforsyth the Covered (Human Fighter)                Turns: 3316, Time: 00:04:10

Health: -2/55      AC:  7    Str: 22    XL:     7   Next: 3%
Magic:  7/7        EV: 14    Int:  9    God:    Okawaru [......]
Gold:   160        SH:  5    Dex: 15    Spells: 6/6 levels left

rFire   . . .      SeeInvis .    v - +7 mace of Uncertain Death {elec, Contam rCorr Str+4 Dex+3}
rCold   . . .      Faith    .    c - +0 buckler
rNeg    . . .      Spirit   .    b - +0 scale mail
rPois   .          Reflect  .    (no helmet)
rElec   .          Rampage  .    (no cloak)
rCorr   +                        (no gloves)
Will    .....                    (no boots) Stlth
                                 (no amulet)
HPRegen 0.29/turn                q - +5 ring of evasion
MPRegen 0.10/turn                (no ring)

@: no status effects
A: no striking features
a: Renounce Religion


You were on level 5 of the Dungeon.
You worshipped Okawaru.
Okawaru was noncommittal.
You visited 2 branches of the dungeon, and saw 6 of its levels.

You collected 160 gold pieces.

Inventory:

Hand Weapons
 a - a +0 flail
 v - the +7 mace of Uncertain Death (weapon) {elec, Contam rCorr Str+4 Dex+3}
   (You found it on level 4 of the Dungeon)

   Str:       It affects your strength (+4).
   Dex:       It affects your dexterity (+3).
   Contam:    It causes magical contamination when unequipped.
   rCorr:     It protects you from acid and corrosion.
Armour
 b - a +0 scale mail (worn)
 c - a +0 buckler (worn)
Jewellery
 k - an amulet of magic regeneration
 q - a +5 ring of evasion (left hand)
Wands
 t - a wand of roots (13)
Scrolls
 e - 5 scrolls of identify {unknown}
 f - 3 scrolls of brand weapon {unknown}
 g - a scroll of fear {unknown}
 i - 2 scrolls of enchant armour {unknown}
 o - 3 scrolls of immolation
 r - a scroll of summoning {unknown}
 s - a scroll of noise {unknown}
 u - a scroll of magic mapping {unknown}
Potions
 d - a potion of might
 h - a potion of resistance {unknown}
 j - a potion of attraction {unknown}
 l - 4 potions of curing
 m - 2 potions of invisibility {unknown}
 n - 2 potions of heal wounds {unknown}
 p - a potion of lignification {unknown}
 w - a potion of degeneration {unknown}


   Skills:
 + Level 4.4 Fighting
 + Level 3.8 Maces & Flails
 + Level 4.4 Armour
 + Level 4.4 Shields


You had 6 spell levels left.
You didn't know any spells.
Your spell library contained the following spells:

 Spells                   Type           Power      Damage    Failure   Level
 Sandblast                Erth           0%         2d4       80%         1
 Shock                    Conj/Air       0%         1d3       80%         1
 Passwall                 Tmut/Erth      0%         N/A       90%         2
 Stone Arrow              Conj/Erth      0%         3d7       99%         3
 Swiftness                Air            0%         N/A       99%         3
 Airstrike                Air            0%         2d(0-16)  100%        4


Dungeon Overview and Level Annotations

Branches:
Dungeon (5/15)             Temple (1/1) D:4

Altars:
Ashenzari
Cheibriados
Dithmenos
Hepliaklqana
Kikubaaqudgha
Okawaru
Ru
Sif Muna
Uskayaw
Wu Jian
Xom


Message History

There is an open door here.
There is a staircase to the Ecumenical Temple here.
There is a stone staircase leading down here.
You climb downwards.
The ogre shouts!
Found a glowing scarf and 6 gold pieces.
There is a stone staircase leading up here.
An ogre is nearby!
An ogre is nearby!
You sock the ogre!
The ogre is moderately wounded.
The ogre closely misses you.
You closely miss the ogre.
The ogre is moderately wounded.
The ogre closely misses you.
You completely miss the ogre.
The ogre is moderately wounded.
You sock the ogre!
The ogre is heavily wounded.
The ogre hits you with a +0 giant spiked club!
You barely miss the ogre.
The ogre is heavily wounded.
The ogre hits you with a +0 giant spiked club!!
Ouch! That really hurt!
* * * LOW HITPOINT WARNING * * *
You are too injured to fight recklessly!
You are too injured to fight recklessly!
You are too injured to fight recklessly!
You are too injured to fight recklessly!
You are too injured to fight recklessly!
You are too injured to fight recklessly!
You are too injured to fight recklessly!
You are too injured to fight recklessly!
You hit the ogre.
The ogre is severely wounded.
You block the ogre's attack.
You hit the ogre.
The ogre is almost dead.
The ogre hits you with a +0 giant spiked club!
You die...

..... ...
... ...
#.# #.#
#O# #@#
#<#
........#
........#
........[
........$
####......
#......
#.......


You could see an ogre.

Vanquished Creatures
  An ogre (D:4)
  3 orc wizards
  An iguana (D:4)
  Terence (D:3)
  8 adders
  7 dart slugs
  8 orcs
  6 endoplasms
  3 giant cockroaches (D:4)
  5 hobgoblins
  2 quokkas
  8 ball pythons
  4 bats
  A frilled lizard (D:1)
  6 goblins
  7 kobolds
  12 rats
83 creatures vanquished.

Vanquished Creatures (others)
  5 plants (D:3)
5 creatures vanquished.

Grand Total: 88 creatures vanquished

Notes
Turn   | Place    | Note
-------+----------+-------------------------------------------
     0 | D:1      | cforsyth the Human Fighter began the quest for the Orb.
     0 | D:1      | Reached XP level 1. HP: 18/18 MP: 1/1
   172 | D:1      | Reached XP level 2. HP: 14/24 MP: 2/2
   484 | D:2      | Reached XP level 3. HP: 24/29 MP: 3/3
   788 | D:2      | Reached XP level 4. HP: 32/35 MP: 4/4
  1195 | D:3      | Noticed Terence
  1218 | D:3      | Killed Terence
  1219 | D:3      | Reached XP level 5. HP: 32/42 MP: 5/5
  1502 | D:3      | Found a hide-covered altar of Uskayaw.
  1694 | D:3      | Found a faded altar of an unknown god.
  2243 | D:3      | Reached XP level 6. HP: 13/48 MP: 6/6
  2410 | D:4      | Found a staircase to the Ecumenical Temple.
  2440 | Temple   | Entered the Ecumenical Temple
  2464 | Temple   | Became a worshipper of Warmaster Okawaru
  2561 | D:4      | Found an ornate altar of the Wu Jian Council.
  2923 | D:4      | Identified the +7 mace of Uncertain Death {elec, Contam
                  | rCorr Str+4 Dex+3}
  3076 | D:4      | Noticed an ogre
  3083 | D:4      | Killed an ogre
  3084 | D:4      | Reached XP level 7. HP: 55/55 MP: 7/7
  3308 | D:5      | Entered Level 5 of the Dungeon
  3316 | D:5      | Slain by an ogre

Illustrated notes

Levels and vault maps discovered:
D:1:      eino_arrival_druids_welcome, layout_basic
D:2:      layout_loops_ring
D:3:      layout_loops_ring, eat_drink_and_be_merry_uskayaw,
          hellmonk_ecumenical_altar_blasted, serial_bayou_pond_c,
          item_on_display_a, uniq_terence
D:4:      layout_gridville, lemuel_crystal_altar,
          minmay_temple_entry_drinking_statues
D:5:      layout_rooms, fedhas_bush_and_centaur_altar, kennysheep_path_1
Temple:   nicolae_temple_bog_church

Skill      XL: |  1  2  3  4  5 |
---------------+----------------+-----
Maces & Flails | 3 |  3.8
Fighting       | 4 |  4.4
Armour         | 4 |  4.4
Shields        | 4 |  4.4

Action                     |  1- 3 |  4- 6 |  7- 9 || total
---------------------------+-------+-------+-------++-------
  Melee: Flail             |    93 |   208 |       ||   301
         Mace              |       |    10 |    15 ||    25
    Use: Potion            |       |     1 |       ||     1
 Armour: Scale mail        |    57 |    96 |       ||   153
  Dodge: Dodged            |    45 |   159 |     4 ||   208
  Block: Buckler           |    27 |    45 |     7 ||    79

Table legend: (Time is in decaauts)
 A = Elapsed time spent in this place.
 B = Non-inter-level travel time spent in this place.
 C = Inter-level travel time spent in this place.
 D = Time resting spent in this place.
 E = Time spent auto-exploring this place.
 F = Levels seen in this place.
 G = Mean time per level.
                   A        B        C        D        E       F      G
               +--------+--------+--------+--------+--------+-----+--------+
         Total |   3420 |   3296 |    124 |    158 |   2378 |   6 |  570.0 |
       Dungeon |   3378 |   3270 |    108 |    158 |   2366 |   5 |  675.6 |
        Temple |     41 |     25 |     16 |      0 |     11 |   1 |   41.0 |
               +--------+--------+--------+--------+--------+-----+--------+

Top non-repeatable levels by time:
     D:3: 1218 daAuts
     D:4: 930 daAuts
     D:2: 725 daAuts
     D:1: 494 daAuts
  Temple: 41 daAuts
     D:5: 9 daAuts
